 Dungeon Crawl Stone Soup version 0.20-a0-636-g32200f4 (webtiles) character file.

463766 Devintownsend the Invulnerable (level 23, -38/227 HPs)
             Began as a Minotaur Fighter on Feb 10, 2017.
             Was the Champion of Okawaru.
             Annihilated by a stone giant (44 damage)
             ... on level 4 of the Vaults on Feb 11, 2017.
             The game lasted 07:53:55 (62661 turns).

Devintownsend the Invulnerable (Minotaur Fighter)  Turns: 62661, Time: 07:53:59

Health: -38/227    AC: 34    Str: 29      XL:     23   Next: 41%
Magic:  0/36       EV:  9    Int:  8      God:    Okawaru [******]
Gold:   3693       SH: 21    Dex: 12 (13) Spells: 40/43 levels left

rFire    + . .     SeeInvis .   B - +8 mace of the Assorted Queens {freeze, rElec rN+ Str-4}
rCold    + + +     Gourm    .   g - +5 plate armour of Wiseija {rC++ Str-2}
rNeg     + . .     Faith    +   f - +2 shield of Resistance {rF+ rC+ MR+}
rPois    .         Spirit   +   P - +2 hat of Husoit {rC+ Str+4}
rElec    +         Reflect  .   N - scarf {Spirit}
rCorr    +         Harm     .   T - +1 pair of gloves {Str+3}
MR       ++++.     Rnd*Rage +   b - +0 pair of boots of the Turtle {+Inv rCorr Str+3}
Stlth    ..........             l - amulet of faith
Regen    0.5/turn               i - ring of protection from magic
                                C - ring of protection from magic

@: finesse
A: retaliatory headbutt, hooves 1, horns 2, large bone plates 1, berserk 1,
blurry vision 1, cold resistance 1, deterioration 1
}: 2/15 runes: decaying, serpentine
a: Heroism, Finesse, Renounce Religion, Evoke Invisibility


You were on level 4 of the Vaults.
You worshipped Okawaru.
Okawaru was exalted by your worship.
You were not hungry.

You visited 9 branches of the dungeon, and saw 40 of its levels.
You visited the Abyss 3 times.
You also visited: Labyrinth, Trove, Ice Cave and Desolation.

You collected 5259 gold pieces.
You spent 1566 gold pieces at shops.

Inventory:

Hand Weapons
 q - the +4 great mace "Ximamn" {crush, rC+}
   (Okawaru gifted it to you on level 3 of the Snake Pit)

   It inflicts extra damage upon your enemies.
   It protects you from cold.
 B - the +8 mace of the Assorted Queens (weapon) {freeze, rElec rN+ Str-4}
   (You found it on level 4 of the Dungeon)

   It has been specially enchanted to freeze those struck by it, causing extra
   injury to most foes and up to half again as much damage against particularly
   susceptible opponents.
   It can also slow down cold-blooded creatures.
   It affects your strength (-4).
   It insulates you from electricity.
   It protects you from negative energy.
 D - a +4 demon whip of freezing
 G - the +10 broad axe of Unpleasantness {elec, Str+6 Dex+4}
   (You found it in a treasure trove)

   Occasionally, upon striking a foe, it will discharge some electrical energy
   and cause terrible harm.
   It affects your strength (+6).
   It affects your dexterity (+4).
Armour
 b - the +0 pair of boots of the Turtle (worn) {+Inv rCorr Str+3}
   (Okawaru gifted it to you on level 5 of the Lair of Beasts)

   It affects your strength (+3).
   It lets you turn invisible.
   It protects you from acid and corrosion.
 f - the +2 shield of Resistance (worn) {rF+ rC+ MR+}
   (You bought it in a shop on level 3 of the Snake Pit)

   It protects you from fire.
   It protects you from cold.
   It affects your resistance to hostile enchantments.
 g - the +5 plate armour of Wiseija (worn) {rC++ Str-2}
   (You found it on level 3 of the Elven Halls)

   It affects your strength (-2).
   It greatly protects you from cold.
 z - the +1 scale mail of Parlour Games {rPois Int+3 Dex+2 Slay-4}
   (Okawaru gifted it to you on level 3 of the Vaults)

   It affects your intelligence (+3).
   It affects your dexterity (+2).
   It affects your accuracy and damage with ranged weapons and melee attacks
   (-4).
   It protects you from poison.
 E - the +6 buckler of Resasoed {rPois MR- MP+9 Dex+8}
   (You found it on level 4 of the Lair of Beasts)

   It affects your dexterity (+8).
   It protects you from poison.
   It affects your resistance to hostile enchantments.
   It affects your magic capacity (+9).
 F - a +1 crystal plate armour
 N - a scarf of spirit shield (worn)
 P - the +2 hat of Husoit (worn) {rC+ Str+4}
   (Okawaru gifted it to you on level 4 of the Swamp)

   It affects your strength (+4).
   It protects you from cold.
 T - a +1 pair of gloves of strength (worn)
Jewellery
 i - a ring of protection from magic (right hand)
 l - an amulet of faith (around neck)
 u - an uncursed ring of protection from fire
 y - a cursed ring of teleportation
 C - a ring of protection from magic (left hand)
 R - an uncursed ring of protection from cold
 W - an uncursed ring of positive energy
Wands
 k - a wand of flame (26/48)
 p - a wand of lightning (2/15)
 L - a wand of polymorph (11/24)
 Y - a wand of enslavement (9/24)
Scrolls
 a - a scroll of enchant armour
 d - 7 scrolls of identify
 h - 6 scrolls of magic mapping
 m - a scroll of amnesia
 o - 11 scrolls of teleportation
 s - 3 scrolls of enchant weapon
 v - a scroll of acquirement
 H - 5 scrolls of blinking
 S - 8 scrolls of remove curse
 X - a scroll of silence
 Z - 5 scrolls of fog
Potions
 e - 5 potions of flight
 r - a potion of cancellation
 t - 4 potions of haste
 x - 2 potions of agility
 K - 8 potions of curing
 M - 5 potions of might
 O - a potion of resistance
Comestibles
 j - 15 royal jellies
 n - 20 meat rations
 A - 24 bread rations


   Skills:
 + Level 23.3 Fighting
 - Level 2.5(11.7) Axes
 - Level 17.0(17.1) Maces & Flails
 O Level 27 Armour
 - Level 15.4 Shields
 + Level 1.8 Unarmed Combat
 * Level 10.8 Spellcasting
 - Level 1.7 Transmutations
 - Level 2.1 Earth Magic
 - Level 8.4 Invocations


You had 40 spell levels left.
You knew the following spells:

 Your Spells              Type           Power        Failure   Level  Hunger
a - Sandblast             Erth           #.....       21%         1    None
b - Passwall              Tmut/Erth      #.........   30%         2    #......


Dungeon Overview and Level Annotations

Branches:
Dungeon (15/15)            Temple (1/1) D:4            Lair (6/6) D:8
  Swamp (4/4) Lair:4        Snake (4/4) Lair:3        Slime (0/5) Lair:6
    Orc (2/2) D:12            Elf (3/3) Orc:2        Vaults (4/5) D:14
  Crypt (0/3) Vaults:2     Depths (1/5) D:15

Altars:
Ashenzari
Cheibriados
Dithmenos
Elyvilon
Fedhas
Gozag
Hepliaklqana
Kikubaaqudgha
Makhleb
Nemelex Xobeh
Okawaru
Qazlal
Ru
Sif Muna
Trog
Uskayaw
Vehumet
Xom
Yredelemnul
Zin
The Shining One
Beogh

Shops:
D:15 =   Orc:2 (?}}   Elf:1 }:   Elf:3 }   Snake:3 [}*%[   Snake:4 =}=
Vaults:1 :   Vaults:3 [   Depths:1 [

Portals:
Hell: Depths:1
Abyss: Depths:1
Ziggurat: Depths:1

Annotations:
D:15 exclusion: orange crystal statue


Innate Abilities, Weirdness & Mutations

You reflexively headbutt those who attack you in melee.
You have a pair of horns on your head.
You have large cloven feet.
You are partially covered in large bone plates. (SH +4)
You tend to lose your temper in combat.
Scrolls take you a little longer to read.
Your flesh is cold resistant. (rC+)
Your body sometimes deteriorates upon taking damage.


Message History

The ironheart preserver casts a spell.
The ironheart preserver is healed somewhat.
You block the stone giant's attack.
Really read with blurry vision while enemies are nearby?
Uppercase [Y]es or [N]o only, please.
Really read with blurry vision while enemies are nearby?
Something hits you.
* * * LOW HITPOINT WARNING * * *
The ironheart preserver gestures wildly while chanting.
The ironheart preserver is healed somewhat.
You block the ironheart preserver's attack.
The stone giant hits you!
* * * LOW HITPOINT WARNING * * *
You begin reading the scroll.
You continue reading the scroll.
Something hits you!
* * * LOW HITPOINT WARNING * * *
You block the orc warrior's attack.
You block the ironheart preserver's attack.
Something hits you but does no damage. The stone giant hits you!!!
You die...

#.....# #.....# .
####.....# ..
.?#.....#....
.'.....#....
#.....'... #.p...#
#o{p..# #(@py.#
#).C..# #.....#
#.....# #.....#
#.....#
###############.....#
....................#
....................#


You could see 2 ironheart preservers, a stone giant, an ironbrand convoker, a
hornet and an orc warrior.

Vanquished Creatures
  Mennas (Vaults:2)
  the Lernaean hydra (Swamp:2)
  Bai Suzhen (Swamp:3)
  Vashnia (Snake:2)
  Nikola (Swamp:4)
  A bone dragon (Abyss:2)
  Jorgrun (Swamp:3)
  Rupert (Lair:5)
  2 deep elf blademasters (Elf:3)
  4 deep elf master archers
  2 liches
  2 sphinxes
  Frances (D:13)
  3 thorn hunters
  2 tentacled starspawn (Abyss:2)
  Kirke (Snake:1)
  Roxanne (Swamp:2)
  2 fire giants
  6 nagarajas
  7 deep elf sorcerers
  A frost giant (IceCv)
  A balrug (Abyss:2)
  Aizul (Snake:2)
  Louise (Swamp:4)
  2 cacodemons
  6 vault wardens
  3 deep elf elementalists
  A reaper (Abyss:2)
  6 ironheart preservers
  An angel (Abyss:2)
  2 entropy weavers (Vaults:3)
  4 stone giants
  5 very ugly things
  5 deep elf demonologists
  Azrael (D:13)
  10 deep elf annihilators
  A dire elephant (Lair:6)
  A halazid warlock (Desolation)
  2 ettins (Depths:1)
  3 deep elf death magi
  Snorg (D:13)
  A minotaur (Lab)
  6 fire dragons
  5 yaktaur captains
  Josephine (D:11)
  Fannar (D:11)
  6 deep elf high priests
  A servant of whispers (Desolation)
  4 great orbs of eyes
  14 naga warriors
  35 hydras
  Erolcha (Orc:2)
  A quicksilver dragon skeleton (Abyss:2)
  3 vault guards (D:14)
  2 peacekeepers (Vaults:1)
  7 rakshasas
  4 ice dragons
  22 two-headed ogres
  6 ogre magi
  2 tengu warriors (D:15)
  18 anacondas
  13 centaur warriors
  25 dancing weapons
  11 alligators
  A merfolk avatar (Lair:6)
  A deep troll earth mage (Vaults:2)
  A vampire mage (D:15)
  2 thrashing horrors (Abyss:2)
  5 death yaks
  4 shock serpents
  A titan zombie (Abyss:2)
  25 naga sharpshooters
  A soul eater (Abyss:2)
  15 deep elf knights
  The ghost of bombasticus the Carver, a novice MiBe of Trog (D:9)
  3 shadow wraiths
  Nergalle (Orc:2)
  A spatial maelstrom (Abyss:2)
  3 sun demons (Abyss:2)
  A sixfirhy (Abyss:2)
  2 salamander mystics
  A wretched star (Abyss:2)
  10 naga ritualists
  12 skeletal warriors (Vaults:1)
  2 unseen horrors
  A shadow demon (Abyss:2)
  2 wizards
  A glowing orange brain (Vaults:1)
  10 swamp dragons
  2 flayed ghosts
  4 sea snakes (Snake:3)
  10 deep trolls
  17 deep elf archers
  9 ironbrand convokers
  2 harpies (Lair:6)
  A lindwurm (Lair:4)
  A shadow dragon zombie (Abyss:2)
  4 necromancers
  20 mana vipers
  10 orc knights
  A golden dragon skeleton (Depths:1)
  10 orc sorcerers
  9 salamanders
  An oklob plant (Lair:4)
  2 wolf spiders
  73 deep elf magi
  4 manticores
  7 cyclopes
  24 ugly things
  23 elephants
  A centaur zombie (D:14)
  A manticore (shapeshifter) (Vaults:3)
  An iron dragon skeleton (Abyss:2)
  3 worldbinders (Abyss:2)
  35 naga magi
  A stone giant skeleton (Abyss:2)
  A guardian serpent (shapeshifter) (Elf:1)
  5 vault sentinels
  An ice statue (IceCv)
  A shock serpent zombie (Abyss:2)
  A guardian serpent (Snake:4)
  Maurice (D:11)
  A dire elephant zombie (Abyss:2)
  A gargoyle (D:13)
  18 spiny frogs
  A smoke demon (Abyss:2)
  43 black mambas
  A torpor snail (Lair:5)
  7 rime drakes
  25 yaktaurs
  5 freezing wraiths
  A redback zombie (D:14)
  2 tengu conjurers
  11 komodo dragons
  A hellwing (Abyss:2)
  An ancient zyme (Abyss:2)
  A jumping spider (Vaults:3)
  A queen bee (shapeshifter) (D:13)
  A red devil (Abyss:2)
  A polar bear (shapeshifter) (Vaults:3)
  5 trolls
  A merfolk (D:14)
  20 polar bears
  6 tyrant leeches
  Grinder (D:3)
  8 hornets
  A raiju (shapeshifter) (Elf:3)
  A hydra skeleton (Abyss:2)
  2 saltlings (Desolation)
  34 slime creatures
  33 blink frogs
  A deep troll zombie (Depths:1)
  A dream sheep (shapeshifter) (Elf:3)
  6 raiju (Abyss:2)
  16 hippogriffs
  3 hippogriffs (shapeshifter)
  6 bog bodies
  Sigmund (D:3)
  62 yaks
  4 starcursed masses
  4 redbacks (Vaults:3)
  4 wyverns
  4 air elementals
  5 shadows
  A tarantella (Vaults:3)
  A ynoxinul (Abyss:2)
  A water elemental (Elf:2)
  9 wraiths
  A hog (Snake:1)
  10 large abominations (Abyss:2)
  2 neqoxecs (Abyss:2)
  9 fire elementals
  19 humans (D:14)
  An elf simulacrum (Depths:1)
  A steam dragon (D:8)
  A chaos spawn (Abyss:2)
  4 basilisks
  21 vampire mosquitoes
  6 hungry ghosts
  5 wargs
  Menkaure (D:4)
  4 acid dragons
  A warg (shapeshifter) (D:15)
  67 nagas
  3 insubstantial wisps (Swamp:4)
  20 swamp worms
  16 water moccasins
  A soldier ant (D:15)
  3 hell hounds
  11 porcupines
  29 orc warriors
  10 swamp drakes
  6 ice beasts
  An ice beast (shapeshifter) (Elf:1)
  5 sky beasts
  A snapping turtle zombie (Abyss:2)
  2 black bears (Lair:3)
  A hornet zombie (D:15)
  3 phantoms
  12 boggarts
  A tengu (shapeshifter) (Vaults:3)
  21 ogres
  The ghost of Geoffrax the Bolt Thrower, an amateur DgHu (D:3)
  19 wolves
  17 centaurs
  24 crocodiles
  A yaktaur zombie (Depths:1)
  Blork the orc (D:4)
  12 bullfrogs
  A big kobold (D:13)
  A glowing shapeshifter simulacrum (Vaults:2)
  16 small abominations (Abyss:2)
  2 earth elementals
  4 scorpions
  15 killer bees
  An orc simulacrum (Vaults:1)
  4 human simulacra
  15 wights
  7 howler monkeys
  12 electric eels
  4 crimson imps
  A bullfrog zombie (D:11)
  3 quasits
  5 jellies
  20 orc priests
  Crazy Yiuf (D:4)
  5 bullfrog skeletons
  6 centaur skeletons
  5 hounds
  An iron imp (Abyss:2)
  38 orc wizards
  8 iguanas
  12 worker ants
  A hound zombie (D:6)
  A hound skeleton (D:5)
  3 gnolls (D:10)
  19 adders
  A shadow imp (D:14)
  14 white imps
  An ufetubus (Abyss:2)
  An adder zombie (D:9)
  An adder skeleton (D:8)
  5 worms
  A dart slug (D:1)
  8 leopard geckos
  93 orcs
  5 ball pythons
  5 giant cockroaches
  13 goblins
  4 hobgoblins
  15 jackals
  11 kobolds
  3 quokkas
  9 bats
  10 frilled lizards
  A leopard gecko skeleton (D:8)
  A leopard gecko zombie (D:8)
  A quokka zombie (D:8)
  10 rats
  3 briar patches (Swamp:2)
  3 crawling corpses (Elf:3)
  A fungus (Lair:3)
  A plant (Lair:4)
1850 creatures vanquished.

Vanquished Creatures (others)
  A lich (Depths:1)
  A deep elf annihilator (Elf:3)
  An ogre mage (Vaults:1)
  An ironbrand convoker (Desolation)
  A spiny frog (Swamp:4)
  A saltling (Desolation)
  A bog body (Swamp:4)
  2 humans (Snake:1)
  A large abomination (Abyss:2)
  A swamp drake (Swamp:4)
  An ogre (Vaults:4)
  2 orc wizards (Orc:2)
  An orc (Orc:2)
  11 fungi
  2 lurking horrors (Abyss:2)
  30 plants
  4 starspawn tentacles (Abyss:2)
62 creatures vanquished.

Grand Total: 1912 creatures vanquished

Notes
Turn   | Place    | Note
-------+----------+-------------------------------------------
     0 | D:1      | Devintownsend the Minotaur Fighter began the quest for the Orb.
     0 | D:1      | Reached XP level 1. HP: 19/19 MP: 0/0
    95 | D:1      | Reached XP level 2. HP: 27/27 MP: 1/1
   293 | D:1      | Reached skill level 4 in Armour
   623 | D:2      | Reached XP level 3. HP: 33/34 MP: 2/2
   693 | D:2      | Found a stormy altar of Qazlal.
   901 | D:2      | Reached XP level 4. HP: 34/41 MP: 3/3
  1194 | D:2      | Reached skill level 5 in Fighting
  1333 | D:3      | Noticed Geoffrax's ghost (amateur DgHu)
  1357 | D:3      | Killed Geoffrax's ghost
  1357 | D:3      | Reached skill level 5 in Armour
  1357 | D:3      | Reached XP level 5. HP: 20/48 MP: 4/4
  1748 | D:3      | Noticed Sigmund
  1758 | D:3      | Killed Sigmund
  1758 | D:3      | Reached skill level 6 in Armour
  1758 | D:3      | Reached XP level 6. HP: 51/58 MP: 5/5
  1939 | D:3      | Noticed Grinder
  1951 | D:3      | Paralysed by Grinder for 2 turns
  1960 | D:3      | Killed Grinder
  1960 | D:3      | Reached skill level 7 in Armour
  1960 | D:3      | Reached XP level 7. HP: 20/66 MP: 6/6
  2318 | D:3      | Found a hide-covered altar of Uskayaw.
  2321 | D:3      | Found an opulent altar of Gozag.
  2609 | D:4      | Noticed Blork the orc
  2796 | D:3      | Reached skill level 8 in Armour
  2892 | D:4      | Found a staircase to the Ecumenical Temple.
  2946 | Temple   | Entered the Ecumenical Temple
  2984 | Temple   | Became a worshipper of Warmaster Okawaru
  3271 | D:4      | Killed Blork the orc
  3328 | D:4      | Reached skill level 9 in Armour
  3328 | D:4      | Reached XP level 8. HP: 75/75 MP: 7/7
  3391 | D:4      | Found a runed door.
  3396 | D:4      | Got an ichor-stained mace
  3399 | D:4      | Got a blackened mace
  3405 | D:4      | Got an ebony mace
  3430 | D:4      | Identified the +8 mace of the Assorted Queens {freeze, rElec rN+ Str-4} (You found it on level 4 of the Dungeon)
  3431 | D:4      | Identified the +2 mace of Propriety {freeze, rC+} (You found it on level 4 of the Dungeon)
  3432 | D:4      | Identified the +1 mace of Xaipho {drain, rPois rC- Dex+3} (You found it on level 4 of the Dungeon)
  3516 | D:4      | Found a blossoming altar of Fedhas.
  3539 | D:4      | Noticed Menkaure
  3544 | D:4      | Killed Menkaure
  3682 | D:4      | Noticed Crazy Yiuf
  3687 | D:4      | Killed Crazy Yiuf
  3731 | D:5      | Entered Level 5 of the Dungeon
  3748 | D:5      | Reached * piety under Okawaru
  3942 | D:5      | Reached skill level 1 in Maces & Flails
  4062 | D:5      | Reached skill level 10 in Armour
  4275 | D:5      | Found a basalt altar of Yredelemnul.
  4329 | D:5      | Reached ** piety under Okawaru
  5160 | D:7      | Reached XP level 9. HP: 85/85 MP: 8/8
  5174 | D:7      | Reached skill level 10 in Fighting
  5756 | D:8      | Found a staircase to the Lair.
  5770 | D:8      | Reached skill level 5 in Maces & Flails
  5770 | D:8      | Reached skill level 11 in Armour
  5785 | Lair:1   | Entered Level 1 of the Lair of Beasts
  5925 | Lair:1   | Reached *** piety under Okawaru
  6081 | Lair:1   | Noticed a spiny frog
  6099 | Lair:1   | Killed a spiny frog
  6099 | Lair:1   | Received a gift from Okawaru
  6131 | Lair:1   | Reached **** piety under Okawaru
  6252 | Lair:1   | Noticed a seven-headed hydra
  6532 | D:8      | Reached XP level 10. HP: 54/94 MP: 9/9
  6877 | D:8      | Paralysed by fainting for 6 turns
  6938 | D:8      | Reached skill level 12 in Armour
  7360 | D:8      | Noticed a manticore
  7371 | D:8      | Killed a manticore
  7371 | D:8      | Reached ***** piety under Okawaru
  7428 | D:8      | Killed an unseen horror
  7428 | D:8      | Received a gift from Okawaru
  7842 | Lair:1   | Gained mutation: Your flesh is cold resistant. (rC+) [potion of mutation]
  7842 | Lair:1   | Gained mutation: You are partially covered in large bone plates. (SH +4) [potion of mutation]
  7929 | Lair:1   | Noticed a spiny frog
  7942 | Lair:1   | Killed a spiny frog
  8151 | Lair:1   | Reached skill level 10 in Maces & Flails
  8167 | Lair:1   | Noticed a spiny frog
  8176 | Lair:1   | Killed a spiny frog
  8583 | Lair:1   | Received a gift from Okawaru
  8705 | Lair:1   | Reached XP level 11. HP: 87/104 MP: 10/10
  8934 | Lair:1   | Killed a seven-headed hydra
  9528 | D:9      | Noticed bombasticus's ghost (novice MiBe)
  9558 | D:9      | Killed bombasticus's ghost
 10349 | D:10     | Entered Level 10 of the Dungeon
 10363 | D:10     | Reached skill level 13 in Armour
 10820 | D:10     | Found a glowing golden altar of the Shining One.
 10830 | D:10     | Reached ****** piety under Okawaru
 11390 | D:11     | Received a gift from Okawaru
 11629 | D:11     | Noticed Maurice
 11650 | D:11     | Killed Maurice
 11702 | D:11     | Noticed a two-headed ogre
 11714 | D:11     | Killed a two-headed ogre
 11989 | D:11     | Received a gift from Okawaru
 12012 | D:11     | Got a shimmering fustibalus {god gift}
 12407 | D:11     | Found a roughly hewn altar of Beogh.
 12482 | D:11     | Noticed Josephine
 12487 | D:11     | Reached XP level 12. HP: 57/115 MP: 11/11
 12498 | D:11     | Killed Josephine
 12844 | D:11     | Noticed a two-headed ogre
 12851 | D:11     | Killed a two-headed ogre
 12882 | D:11     | Noticed Fannar
 12904 | D:11     | Killed Fannar
 12904 | D:11     | Received a gift from Okawaru
 13053 | D:12     | Found a staircase to the Orcish Mines.
 13053 | D:12     | Found a labyrinth entrance.
 13064 | Lab      | Entered a labyrinth
 13270 | Lab      | Noticed a minotaur
 13279 | Lab      | Killed a minotaur
 13315 | D:12     | Noticed an eight-headed hydra
 13323 | D:12     | Killed an eight-headed hydra
 13350 | D:12     | Reached skill level 14 in Armour
 14204 | D:12     | Noticed a centaur warrior
 14212 | D:12     | Killed a centaur warrior
 14720 | Lair:1   | Learned a level 1 spell: Sandblast
 14723 | Lair:1   | Learned a level 2 spell: Passwall
 14809 | Lair:2   | Received a gift from Okawaru
 15080 | Lair:2   | Reached skill level 15 in Maces & Flails
 15083 | Lair:2   | Reached skill level 1 in Spellcasting
 15515 | Lair:2   | Reached XP level 13. HP: 85/125 MP: 8/14
 15739 | Lair:2   | Got a pitted chain mail {god gift}
 15751 | Lair:2   | Identified the +8 chain mail of Paumog {rF+ Int-3 SInv} (Okawaru gifted it to you on level 2 of the Lair of Beasts)
 16468 | Lair:3   | Got a steaming scale mail
 16655 | Lair:3   | Reached skill level 1 in Earth Magic
 16719 | Lair:3   | Reached skill level 1 in Transmutations
 16734 | Lair:3   | Received a gift from Okawaru
 16952 | Lair:3   | Found a staircase to the Snake Pit.
 17521 | Lair:4   | Reached skill level 15 in Armour
 17665 | Lair:4   | Identified the +1 scale mail "Dafoergh" {*Contam rElec Int+4} (You found it on level 3 of the Lair of Beasts)
 17687 | Lair:4   | Found a radiant altar of Vehumet.
 17698 | Lair:4   | Reached skill level 15 in Fighting
 18418 | Lair:4   | Got a warped buckler
 18434 | Lair:4   | Identified the +6 buckler of Resasoed {rPois MR- MP+9 Dex+8} (You found it on level 4 of the Lair of Beasts)
 18495 | Lair:4   | Received a gift from Okawaru
 18732 | Lair:4   | Found a staircase to the Swamp.
 19131 | Lair:5   | Got a warped hand axe
 19255 | Lair:5   | Found a runed door.
 19286 | Lair:5   | Reached XP level 14. HP: 105/135 MP: 17/17
 19309 | Lair:5   | Reached skill level 16 in Armour
 19313 | Lair:5   | Received a gift from Okawaru
 19321 | Lair:5   | Got a pair of ancient boots {god gift}
 19332 | Lair:5   | Identified the +0 pair of boots of the Turtle {+Inv rCorr Str+3} (Okawaru gifted it to you on level 5 of the Lair of Beasts)
 19991 | Lair:6   | Entered Level 6 of the Lair of Beasts
 20498 | Lair:6   | Noticed Rupert
 20528 | Lair:5   | Killed Rupert
 21110 | Lair:6   | Reached skill level 17 in Armour
 21224 | Lair:6   | Received a gift from Okawaru
 21334 | Lair:1   | Lost intelligence.
 21334 | Lair:1   | Identified the +1 hand axe "Tanix" {chop, *Slow rPois Int-5 Stlth+} (You found it on level 5 of the Lair of Beasts)
 22311 | Lair:6   | Received a gift from Okawaru
 22499 | Lair:6   | Upgraded the game from 0.20-a0-622-g01f5896 to 0.20-a0-629-gc37eb77
 22539 | Lair:6   | Found a staircase to the Slime Pits.
 22545 | Lair:6   | Received a gift from Okawaru
 22996 | Lair:6   | Got a fine scale mail
 23057 | Lair:6   | Identified the +0 scale mail "Cucevv Licau" {*Drain rF+ rCorr} (You found it on level 6 of the Lair of Beasts)
 23356 | Swamp:1  | Entered Level 1 of the Swamp
 23665 | Swamp:1  | Reached XP level 15. HP: 129/145 MP: 20/20
 23745 | Swamp:1  | Reached skill level 18 in Armour
 24253 | Swamp:2  | Noticed a thorn hunter
 24273 | Swamp:2  | Killed a thorn hunter
 24532 | Swamp:2  | Noticed Roxanne
 24757 | Swamp:2  | Got a scorched falchion
 24879 | Swamp:2  | Received a gift from Okawaru
 24904 | Swamp:2  | Noticed a thorn hunter
 24926 | Swamp:2  | Killed a thorn hunter
 24926 | Swamp:2  | Reached skill level 19 in Armour
 25104 | Swamp:2  | Reached skill level 5 in Spellcasting
 25326 | Swamp:3  | Noticed Jorgrun
 25344 | Swamp:3  | Noticed a thorn hunter
 25348 | Swamp:3  | Killed Jorgrun
 25359 | Swamp:3  | Killed a thorn hunter
 25651 | Swamp:4  | Entered Level 4 of the Swamp
 25770 | Swamp:4  | Received a gift from Okawaru
 25773 | Swamp:4  | Got a translucent hat {god gift}
 25784 | Swamp:4  | Identified the +2 hat of Husoit {rC+ Str+4} (Okawaru gifted it to you on level 4 of the Swamp)
 25797 | Swamp:4  | Reached skill level 20 in Armour
 25911 | Swamp:4  | Noticed Louise
 25925 | Swamp:4  | Noticed Bai Suzhen
 25982 | Swamp:3  | Killed Bai Suzhen
 26174 | Swamp:4  | Noticed Nikola
 26204 | Swamp:4  | Killed Nikola
 26204 | Swamp:4  | Reached XP level 16. HP: 122/152 MP: 23/23
 26363 | Swamp:4  | Reached skill level 21 in Armour
 26372 | Swamp:4  | Noticed the 27-headed Lernaean hydra
 26691 | Swamp:2  | Killed Roxanne
 26692 | Swamp:2  | Identified Roxanne's Handbook of Transformation (You took it off Roxanne on level 2 of the Swamp)
 26849 | Snake:1  | Entered Level 1 of the Snake Pit
 26885 | Snake:1  | Received a gift from Okawaru
 27116 | Snake:1  | Received a gift from Okawaru
 27163 | Snake:1  | Noticed Kirke
 27174 | Snake:1  | Killed Kirke
 27764 | Snake:2  | Reached skill level 22 in Armour
 28133 | Snake:2  | Reached skill level 5 in Shields
 28356 | Snake:2  | Noticed Aizul
 28373 | Snake:2  | Killed Aizul
 28373 | Snake:2  | Received a gift from Okawaru
 28384 | Snake:2  | Noticed Vashnia
 29868 | Orc:1    | Entered Level 1 of the Orcish Mines
 30100 | Orc:2    | Entered Level 2 of the Orcish Mines
 30145 | Orc:2    | Found a staircase to the Elven Halls.
 30403 | Orc:2    | Paralysed by an orc sorcerer for 6 turns
 30562 | Orc:2    | Paralysed by an orc sorcerer for 4 turns
 30572 | Orc:2    | Paralysed by an orc sorcerer for 6 turns
 30726 | Orc:2    | Found Fiocufom's Gadget Emporium.
 30746 | Orc:2    | Found a radiant altar of Vehumet.
 30747 | Orc:2    | Noticed Erolcha
 30767 | Orc:2    | Killed Erolcha
 30800 | Orc:2    | Found Peadajog's Magic Scroll Emporium.
 30811 | Orc:2    | Noticed Nergalle
 30825 | Orc:2    | Killed Nergalle
 30828 | Orc:2    | Found an ancient bone altar of Kikubaaqudgha.
 30842 | Orc:2    | Bought a scroll of teleportation for 39 gold pieces
 30842 | Orc:2    | Bought a scroll of enchant weapon for 97 gold pieces
 30864 | Orc:2    | Found Exil's Antique Weapon Shoppe.
 30937 | Orc:2    | Found a roughly hewn altar of Beogh.
 30950 | Orc:2    | Found Zirel's Gadget Shoppe.
 31131 | Elf:1    | Entered Level 1 of the Elven Halls
 31158 | Elf:1    | Found Kainkeit's One-of-a-Kind Books.
 31235 | Elf:1    | Cast into level 2 of the Abyss (a deep elf sorcerer)
 31337 | Abyss:2  | Gained mutation: You tend to lose your temper in combat. [a neqoxec]
 31344 | Abyss:2  | Gained mutation: Your body sometimes deteriorates upon taking damage. [a neqoxec]
 31377 | Abyss:2  | Noticed a tentacled starspawn
 31384 | Abyss:2  | Killed a tentacled starspawn
 31384 | Abyss:2  | Reached XP level 17. HP: 126/160 MP: 25/25
 31500 | Abyss:2  | Noticed a bone dragon
 31523 | Abyss:2  | Killed a bone dragon
 31523 | Abyss:2  | Received a gift from Okawaru
 31685 | Abyss:2  | Gained mutation: You have large cloven feet. [a neqoxec]
 31699 | Elf:1    | Escaped the Abyss
 32045 | Elf:1    | Found Izasav's Gadget Boutique.
 32891 | D:13     | Received a gift from Okawaru
 32918 | D:13     | Reached skill level 23 in Armour
 33125 | D:13     | Noticed Frances
 33145 | D:13     | Killed Frances
 33249 | D:13     | Noticed Snorg
 33264 | D:13     | Killed Snorg
 33392 | D:13     | Noticed Azrael
 33402 | D:13     | Killed Azrael
 33760 | D:14     | Got a warped shortbow
 33844 | D:14     | Found a frozen archway.
 33863 | IceCv    | Entered an ice cave
 33996 | IceCv    | Reached skill level 1 in Invocations
 34232 | IceCv    | Received a gift from Okawaru
 34708 | D:14     | Found a gate to the Vaults.
 35636 | D:15     | Entered Level 15 of the Dungeon
 36045 | D:15     | Found Xuto's Jewellery Shop.
 36158 | D:15     | Received a gift from Okawaru
 36180 | D:15     | Found a staircase to the Depths.
 36186 | D:15     | Reached XP level 18. HP: 158/173 MP: 28/28
 36197 | Depths:1 | Entered Level 1 of the Depths
 36258 | D:15     | Received a gift from Okawaru
 36538 | Depths:1 | Found a one-way gate to the infinite horrors of the Abyss.
 36611 | Depths:1 | Noticed a lich
 36630 | Depths:1 | Noticed a lich
 36639 | Depths:1 | Killed a lich
 36653 | Depths:1 | Killed a lich
 37044 | Depths:1 | Reached skill level 24 in Armour
 37051 | Depths:1 | Got a heavily runed glass ring
 37056 | Depths:1 | Identified the ring of Beqigag {Wiz Str+5} (You found it on level 1 of the Depths)
 37531 | D:15     | Received a gift from Okawaru
 38044 | Depths:1 | Found a gateway to Hell.
 38045 | Depths:1 | Found a gateway to a ziggurat.
 38045 | Depths:1 | Found Nudwoomnah's Antique Armour Emporium.
 38122 | Depths:1 | Found a portal to a secret trove of treasure.
 38166 | Depths:1 | Paralysed by a sphinx for 3 turns
 38200 | Depths:1 | Paralysed by a sphinx for 3 turns
 38728 | D:15     | Identified 2 scrolls of acquirement
 38783 | Depths:1 | Paralysed by a sphinx for 4 turns
 38990 | Depths:1 | You paid a toll of 2 scrolls of acquirement to enter a treasure trove
 38991 | Trove    | Entered a treasure trove
 39011 | Trove    | Got an ancient eveningstar
 39041 | Trove    | Got a translucent broad axe
 39062 | Trove    | Identified the +5 eveningstar "ETAOIN SHRDLU" {freeze, *Drain Str+2 Int+3} (You found it in a treasure trove)
 39070 | Trove    | Identified the +10 broad axe of Unpleasantness {elec, Str+6 Dex+4} (You found it in a treasure trove)
 40027 | Elf:1    | Received a gift from Okawaru
 40039 | Elf:1    | Got a dazzling war axe {god gift}
 40046 | Elf:1    | Identified the +7 war axe of Defiance {flame, Str+5} (Okawaru gifted it to you on level 1 of the Elven Halls)
 40309 | Elf:1    | Identified the Incunabulum of Arcane Weapons
 40928 | Elf:2    | Found a runed gate.
 40928 | Elf:2    | Found a runed gate.
 40928 | Elf:2    | Found a runed gate.
 40957 | Elf:2    | Reached skill level 5 in Invocations
 41676 | Elf:2    | Received a gift from Okawaru
 41690 | Elf:2    | Got a dazzling dire flail {god gift}
 41803 | Elf:2    | Reached XP level 19. HP: 168/184 MP: 30/30
 42344 | Elf:2    | Identified the +6 dire flail of Foolhardiness {freeze, +Fly rC+} (Okawaru gifted it to you on level 2 of the Elven Halls)
 42357 | Elf:3    | Entered Level 3 of the Elven Halls
 42457 | Elf:3    | Received a gift from Okawaru
 42557 | Elf:3    | Reached skill level 25 in Armour
 43181 | Elf:3    | Cast into level 2 of the Abyss (a deep elf sorcerer)
 43181 | Abyss:2  | Found a corrupted altar of Lugonu.
 43474 | Elf:3    | Escaped the Abyss
 43595 | Elf:3    | Noticed a Brimstone Fiend
 43776 | Elf:3    | Received a gift from Okawaru
 44115 | Elf:3    | Cast into level 2 of the Abyss (a deep elf sorcerer)
 44789 | Elf:3    | Escaped the Abyss
 44798 | Elf:3    | Gained mutation: Scrolls take you a little longer to read. [a cacodemon]
 45681 | Elf:3    | Received a gift from Okawaru
 45742 | Elf:3    | Identified the Guide on Creation
 45851 | Elf:3    | Noticed a Brimstone Fiend
 45984 | Elf:3    | Reached XP level 20. HP: 195/195 MP: 31/31
 46951 | Elf:3    | Identified the Compendium of Fire
 47125 | Elf:3    | Identified the Guide on Twisted Earth
 47185 | Elf:3    | Got a dazzling plate armour
 47201 | Elf:3    | Identified the +5 plate armour of Wiseija {rC++ Str-2} (You found it on level 3 of the Elven Halls)
 47231 | Elf:3    | Got a pitted ring mail
 47255 | Elf:3    | Identified the cursed +0 ring mail "Nixtisch" {rF+ Dex+6 Stlth-} (You found it on level 3 of the Elven Halls)
 47356 | Elf:3    | Identified the Handbook of Displaced Necromancy
 47406 | Elf:3    | Reached skill level 26 in Armour
 47605 | Elf:3    | Reached skill level 1 in Unarmed Combat
 47605 | Elf:3    | Reached XP level 21. HP: 191/204 MP: 33/33
 47633 | Elf:3    | Found Moippal's Gadget Shop.
 48922 | Swamp:2  | Killed the 27-headed Lernaean hydra
 49065 | Swamp:4  | Killed Louise
 49353 | Swamp:4  | Received a gift from Okawaru
 49401 | Swamp:4  | Got a decaying rune of Zot
 50246 | Snake:2  | Killed Vashnia
 51048 | Snake:3  | Found Myziewk's Antique Armour Emporium.
 51069 | Snake:3  | Bought the +2 shield of Resistance {rF+ rC+ MR+} for 1274 gold pieces
 51247 | Snake:3  | Found Qysomoc's Armour Shoppe.
 51280 | Snake:3  | Received a gift from Okawaru
 51289 | Snake:3  | Got a twisted great mace {god gift}
 51512 | Snake:3  | Found Kiafoh's Assorted Antiques.
 51584 | Snake:3  | Found Etaff's Gadget Emporium.
 51872 | Snake:3  | Found Acaenoc's Food Boutique.
 52148 | Snake:4  | Entered Level 4 of the Snake Pit
 52402 | Snake:4  | Found Nuzit's Jewellery Shoppe.
 52402 | Snake:4  | Found Hoboorir's Gadget Boutique.
 52403 | Snake:4  | Found Losmumix's Jewellery Shoppe.
 52417 | Snake:4  | Identified the +4 great mace "Ximamn" {crush, rC+} (Okawaru gifted it to you on level 3 of the Snake Pit)
 52878 | Snake:3  | Bought a royal jelly for 26 gold pieces
 52878 | Snake:3  | Bought a royal jelly for 26 gold pieces
 52878 | Snake:3  | Bought a royal jelly for 26 gold pieces
 52878 | Snake:3  | Bought a royal jelly for 26 gold pieces
 52878 | Snake:3  | Bought a royal jelly for 26 gold pieces
 52878 | Snake:3  | Bought a royal jelly for 26 gold pieces
 53278 | Snake:4  | Received a gift from Okawaru
 53455 | Snake:4  | Reached XP level 22. HP: 135/214 MP: 33/34
 54066 | Snake:4  | Reached skill level 10 in Shields
 54318 | Snake:4  | Received a gift from Okawaru
 54561 | Snake:4  | Got a serpentine rune of Zot
 54796 | Snake:3  | Reached skill level 27 in Armour
 54999 | Lair:3   | Reached skill level 10 in Spellcasting
 55305 | Vaults:1 | Entered Level 1 of the Vaults
 55656 | Vaults:1 | Upgraded the game from 0.20-a0-629-gc37eb77 to 0.20-a0-631-g6870b83
 55953 | Vaults:1 | Found Qunnudam's Book Shop.
 55977 | Vaults:1 | Found a ruined gateway.
 56001 | Desolati | Entered the Desolation of Salt
 56848 | Vaults:1 | Received a gift from Okawaru
 58659 | Vaults:2 | Noticed Mennas
 58722 | Vaults:2 | Killed Mennas
 58722 | Vaults:2 | Received a gift from Okawaru
 58722 | Vaults:2 | Reached skill level 15 in Shields
 59553 | Vaults:2 | Found an ancient bone altar of Kikubaaqudgha.
 59920 | Vaults:2 | Found a staircase to the Crypt.
 59921 | Vaults:2 | Found a basalt altar of Yredelemnul.
 60312 | Vaults:3 | Found Eqoats's Antique Weapon Boutique.
 60434 | Vaults:3 | Reached XP level 23. HP: 190/223 MP: 31/36
 60691 | Vaults:3 | Found Owaujao's Antique Armour Shop.
 61178 | Vaults:3 | Upgraded the game from 0.20-a0-631-g6870b83 to 0.20-a0-636-g32200f4
 61373 | Vaults:3 | Received a gift from Okawaru
 61376 | Vaults:3 | Got a dazzling scale mail {god gift}
 61559 | Vaults:3 | Identified the +1 scale mail of Parlour Games {rPois Int+3 Dex+2 Slay-4} (Okawaru gifted it to you on level 3 of the Vaults)
 62661 | Vaults:4 | HP: 6/227 [something (10)]
 62661 | Vaults:4 | Annihilated by a stone giant

Vault maps used:
D:1:      dpeg_arrival_tiny_b
D:2:      hangedman_abyss_or_decor_lesser_grid, nicolae_qazlal_general_emergency
D:3:      gammafunk_temple_overflow_statue, grunt_ministairs_3, uniq_sigmund,
          uniq_grinder
D:4:      minmay_temple_entry_mist, first_bread, fedhas_altar_4,
          uniq_blork_the_orc, uniq_menkaure, uniq_crazy_yiuf_cottage
D:5:      nicolae_overflow_crystal_walls
D:8:      minmay_cut_squares, minmay_lair_entry_lava
D:10:     basic_altar
D:11:     special_room, uniq_fannar, uniq_maurice, uniq_josephine
D:12:     orc_0_dummy, lab_entry_generic
D:13:     uniq_snorg, uniq_azrael, uniq_frances
D:14:     grunt_vaults_entry_tiered, hangedman_decor_growths,
          portal_ice_cave_entry_imps, hangedman_fish_farm
D:15:     grunt_enter_depths_snipers, serial_shops, shop, minivault_4,
          minmay_protected_statue
Temple:   dpeg_five_rooms_temple
Lair:1:   st_stairs_13, beast_lair_carwin_6, grunt_megastairs_2,
          infiniplex_staircase_pool, serial_bayou_shore_b, lemuel_fruit_tree
Lair:3:   minmay_snake_entry_guardpost_medium, gammafunk_lair_bear_cave,
          grunt_megastairs_5
Lair:4:   minmay_swamp_entry_eels, lemuel_oklob_altar
Lair:5:   minmay_lair_venomous_thicket, nicolae_quartered_pool_little,
          pf_torpor_hydra, lemuel_fruit_fields, serial_bayou_shore_a
Lair:6:   gammafunk_lair_ancient_temple, minmay_slime_entry_oklob_open,
          uniq_rupert
Swamp:1:  nicolae_swamp_feature_on_the_river_bank
Swamp:2:  hangedman_swamp_ruin_hall, uniq_roxanne
Swamp:3:  evilmike_swamp_ruin_house_4, uniq_jorgrun
Swamp:4:  swamp_old_school, uniq_nikola, uniq_louise, uniq_bai_suzhen
Snake:1:  st_stairs_13, uniq_kirke
Snake:2:  cheibrodos_forgotten_conduit, hangedman_snake_corridor_cut,
          uniq_vashnia, uniq_aizul
Snake:3:  nicolae_sea_snake_s, serial_shops, nicolae_shop_overgrown_old_shop,
          shop, nicolae_shop_window_shopping, shop, shop
Snake:4:  snake_pit, minmay_shop_grove
Orc:2:    kennysheep_orc_mage_school
Elf:1:    serial_shops, shop, minmay_elf_annihilation, minmay_fountain_box,
          nicolae_rare_books
Elf:3:    nooodl_elf_gasket, serial_shops, nicolae_shop_trees,
          minmay_elf_demonology
Vaults:1: nicolae_vaults_twisting_passages, vaults_room_grunt_arrival_ludios,
          vaults_standard_mumra_enter_the_diamond, nicolae_vaults_halls_meeting,
          nicolae_vaults_diagonal_hallway_8, nicolae_vaults_puzzle_piece,
          v_misc_11, vaults_dpeg_ring, v_misc_14, v_misc_27, v_misc_19,
          nicolae_vaults_little_ls, portal_desolation_entry_twin_temple,
          serial_shops, shop_fountains
Vaults:2: ontoclasm_vaults_spin, v_pattern_4, vaults_dpeg_encased_lava,
          v_misc_19, minmay_crypt_entry_necro_gods,
          nicolae_vaults_little_squares_2, v_misc_1, uniq_mennas
Vaults:3: nicolae_vaults_little_squares_4, grunt_vaults_hallway_short,
          v_pattern_3, v_alt_pattern_6, grunt_vaults_diagonal,
          ontoclasm_vaults_ring_small, nicolae_vaults_angled_halls,
          vaults_room_mumra_shop_pool, serial_shops, shop
Vaults:4: st_cells, v_misc_4, nicolae_vaults_circle_grid_a,
          hangedman_vaults_pinch, vaults_room_door_hall, hangedman_vaults_nodes,
          vaults_mumra_hex, v_pattern_1, ontoclasm_vaults_gateway,
          ontoclasm_vaults_hangar, nicolae_vaults_little_squares_6,
          serial_shops, shop
Depths:1: enter_ziggurat_e, nicolae_trove_entry_diagonal, abyss_entry,
          infiniplex_enter_wizlab_glasses, hell_entry, dk_noncrumbling_4,
          serial_shops, shop, ashenzari_altar_1
Abyss:2:  serial_sigils_hangedman_quiver
Lab:      labyrinth_hidden_loot, nicolae_lab_diamond
Trove:    trove_weapon_1
IceCv:    ice_cave_caverns_03

Skill      XL: |  1  2  3  4  5  6  7  8  9 10 11 12 13 14 15 16 17 18 19 20 21 22 23 |
---------------+----------------------------------------------------------------------+-----
Shields        | 4 7 9 15 | 15.4
Fighting       | 4 5 6 7 8 9 10 11 13 14 15 16 18 19 20 21 22 23 | 23.3
Armour         | 4 5 6 7 9 10 11 12 13 14 15 17 20 22 23 24 25 26 27 | 27.0
Maces & Flails | 3 7 10 13 15 16 17 | 17.0
Spellcasting   | 1 3 4 5 6 7 8 9 10 | 10.8
Earth Magic    | 2 |  2.1
Transmutations | 1 |  1.7
Invocations    | 2 5 7 8 |  8.4
Unarmed Combat | 1 |  1.8
Axes           | |  2.5

Action                   |  1- 3 |  4- 6 |  7- 9 | 10-12 | 13-15 | 16-18 | 19-21 | 22-24 || total
-------------------------+-------+-------+-------+-------+-------+-------+-------+-------++-------
Melee: War axe           |    93 |    91 |   125 |       |       |       |       |       ||   309
       Headbutt          |    10 |    11 |    56 |   133 |   416 |   813 |   557 |   559 ||  2555
       Mace              |       |       |   198 |   684 |  1311 |  1948 |  1545 |  1722 ||  7408
       Demon whip        |       |       |       |       |       |   148 |       |       ||   148
Invok: Heroism           |       |       |       |       |       |     1 |     1 |       ||     2
       Finesse           |       |       |       |       |       |       |       |     4 ||     4
  Use: Scroll            |       |       |    12 |     8 |    10 |    12 |    11 |     6 ||    59
       Potion            |       |       |     5 |     9 |     2 |     9 |     2 |     1 ||    28
 Stab: Distracted        |       |       |       |       |       |       |     1 |       ||     1
  Eat: Bread ration      |       |     1 |     1 |     1 |       |       |       |       ||     3
       Chunk             |       |       |    11 |    19 |    35 |    33 |    25 |    27 ||   150
       Royal jelly       |       |       |     2 |     1 |       |       |       |     2 ||     5
       Meat ration       |       |       |       |     1 |       |     3 |     1 |       ||     5
       Fruit             |       |       |       |       |     1 |     8 |    12 |       ||    21
Armor: Scale mail        |    42 |    45 |    74 |       |       |       |       |       ||   161
       Plate armour      |       |       |   111 |   130 |       |       |    27 |    77 ||   345
       Ring mail         |       |       |       |   175 |     1 |       |       |       ||   176
       Chain mail        |       |       |       |       |   669 |  1215 |   128 |       ||  2012
       Crystal plate arm |       |       |       |       |       |       |   843 |   643 ||  1486
Dodge: Dodged            |    30 |    25 |    97 |   206 |   342 |   647 |   341 |   301 ||  1989
Block: Shield            |    71 |    52 |   115 |       |       |       |       |  1336 ||  1574
       Buckler           |       |       |    27 |   254 |   903 |  1606 |  1115 |   227 ||  4132
